 Dungeon Crawl Stone Soup version 0.18.1-50-g88ac8fd (webtiles) character file.

17248 magog001 the Blocker (level 12, -6/110 HPs)
             Began as a Minotaur Fighter on May 24, 2018.
             Was a High Priest of Nemelex Xobeh.
             Mangled by Rupert
             ... wielding a +4 great mace of protection
              (23 damage)
             ... on level 3 of the Lair of Beasts on May 26, 2018.
             The game lasted 01:08:59 (13658 turns).

magog001 the Blocker (Minotaur Fighter)            Turns: 13658, Time: 01:09:00

Health: -6/110     AC: 23    Str: 25 (26) XL:     12   Next: 17%
Magic:  11/11      EV:  8    Int:  3      God:    Nemelex Xobeh [*****.]
Gold:   336        SH: 14    Dex: 12      Spells: 0 memorised, 11 levels left

rFire  . . .     SeeInvis +     d - +2 short sword (venom)
rCold  . . .     Gourm    .     T - +5 plate armour {rF+}
rNeg   + . .     Faith    +     c - +0 shield
rPois  .         Spirit   .     (helmet restricted)
rElec  +         Dismiss  .     b - +2 cloak
rCorr  .         Reflect  .     H - +0 pair of gloves
SustAt .         Harm     .     m - +0 pair of boots of Jyeth {rElec rF- rN+ Dex+2}
MR     .....     Rnd*Rage +     i - amulet of faith
Stlth  ..........               (no ring)
                                E - ring of see invisible

@: about to teleport, studying Unarmed Combat, not resistant to hostile
enchantments, extremely unstealthy
A: retaliatory headbutt, horns 2, molten scales 1, berserk 1, blink, deformed
body, deterioration 1, dopey 1, low mp 1, wild magic 1
a: Blink, Triple Draw, Deal Four, Stack Five, Renounce Religion


You were on level 3 of the Lair of Beasts.
You worshipped Nemelex Xobeh.
Nemelex Xobeh was extremely pleased with you.
You were hungry.

You visited 2 branches of the dungeon, and saw 14 of its levels.
You also visited: Volcano.

You collected 981 gold pieces.
You spent 645 gold pieces at shops.

Inventory:

Hand Weapons
 d - a +2 short sword of venom (weapon)
Missiles
 r - 84 sling bullets
 w - 3 tomahawks (quivered)
 z - 81 poisoned needles
Armour
 a - the +1 pair of boots of Untold Secrets {+Fly Int+7, unknown}
   (You found it on level 3 of the Lair of Beasts)

   It affects your intelligence (+7).
   It lets you fly.
 b - a +2 cloak (worn)
 c - a +0 shield (worn)
 m - the +0 pair of boots of Jyeth (worn) {rElec rF- rN+ Dex+2}
   (You bought it in a shop on level 9 of the Dungeon)

   It affects your dexterity (+2).
   It makes you vulnerable to fire.
   It insulates you from electricity.
   It protects you from negative energy.
 H - a +0 pair of gloves (worn)
 T - a +5 plate armour of fire resistance (worn)
Jewellery
 i - an amulet of faith (around neck)
 E - a ring of see invisible (left hand)
Wands
 n - a wand of hasting (0/9)
 q - a wand of teleportation (1/9)
 s - a wand of paralysis (2/24)
 R - a wand of teleportation (2/9)
 U - a wand of confusion (23/48)
Scrolls
 e - 2 scrolls of blinking
 g - a scroll of fear
 k - 3 scrolls of amnesia
 o - 4 scrolls of teleportation
 p - 3 scrolls of magic mapping
 t - 4 scrolls of remove curse
 u - 3 scrolls of recharging
 x - 2 scrolls of identify
 y - a scroll of enchant weapon
 A - 2 scrolls of fog
 K - a scroll of summoning
Potions
 C - 5 potions of agility
 F - a potion of magic
 J - 2 potions of flight
 V - a potion of brilliance
Books
 j - a manual of Unarmed Combat
Miscellaneous
 v - a plain deck of escape
 G - a legendary deck of destruction {drawn: 5}
 I - a plain deck of destruction {drawn: 8}
 N - a legendary deck of destruction
Comestibles
 f - 10 bread rations
 D - 3 beef jerkies
 S - 2 meat rations


   Skills:
 * Level 11.2 Fighting
 * Level 9.1 Short Blades
   Level 3.0 Axes
   Level 0.2(1.8) Maces & Flails
 + Level 0.6 Throwing
 * Level 12.9 Armour
 - Level 0.9 Dodging
 - Level 0.1 Stealth
 * Level 13.6 Shields
 + Level 2.1 Evocations


You had 11 spell levels left.
You didn't know any spells.

Dungeon Overview and Level Annotations

Branches:
Dungeon (11/15)            Temple (0/1) D:6            Lair (3/8) D:9
  Snake (0/4) Lair:3          Orc (0/2) D:10
  Swamp: Lair:3-6    Shoals: Lair:3-6

Altars:
Gozag
Nemelex Xobeh
Okawaru
Pakellas
Ru
Sif Muna
Trog
Vehumet
Xom
Yredelemnul
The Shining One

Shops:
D:2 }   D:8 ?   D:9 [

Annotations:
Lair:3 Rupert


Innate Abilities, Weirdness & Mutations

You reflexively headbutt those who attack you in melee.
You have a pair of horns on your head.
You are partially covered in molten scales (AC +1).
You tend to lose your temper in combat.
You can translocate small distances at will.
Armour fits poorly on your strangely shaped body.
Your body sometimes deteriorates upon taking damage.
You are dopey. (Int -2)
Your magical capacity is low (-10% MP).
Your spells are a little harder to cast, but a little more powerful.


Message History

You hit the basilisk but do no damage.
The basilisk looks even sicker.
You feel less confused.
The basilisk bites you but does no damage.
Rupert hits you with a great mace of protection.
Drink which item? (? for menu, Esc to quit)
You feel better. The basilisk bites you.
Rupert hits you with a great mace of protection.
* * * LOW HITPOINT WARNING * * *
Evoke which item? (* to show all) (? for menu, Esc to quit)
Zapping:
R - a wand of teleportation (3/9)
Press: ? - help, Shift-Dir - straight line, f - you You feel strangely unstable.
This wand has 2 charges left.
The basilisk gazes at you. You resist with some effort.
You block Rupert's attack.
Rupert hits you with a great mace of protection!
* * * LOW HITPOINT WARNING * * *
The basilisk bites you but does no damage.
Rupert hits you with a great mace of protection!!
You die...
Your body glows with a rainbow of weird colours and disappears.

.##.................... ..
.......................
.....?....................
..##..................... .
##.#.#.#....PPP+.#.#.....
..#.....#......#P.#.#......
..[.....P+.....##.###......
+......PP....'.>..##......
#......@@...##....##.....
#.....l.....###....#..)..
#.....#.....# ##P##.....
#......#....## ####.....
###.P##......####P##.....
.... #..................
...................[.....
#P#P.#.#...##...#####.##. #
#####.###### #####


You could see Rupert (berserk) and a basilisk.

Vanquished Creatures
  The ghost of Amnesiac the Pioneer, a journeyman MfFi of Pakellas (Volcano)
  The ghost of magog001 the Blocker, a novice MiFi of Nemelex Xobeh (Lair:1)
  A deep troll (D:11)
  An ugly thing (D:11)
  5 elephants (Lair:2)
  A black mamba (Lair:1)
  Psyche (D:9)
  4 gargoyles (Volcano)
  A rime drake (Volcano)
  A komodo dragon (Lair:1)
  3 blink frogs (Lair:3)
  5 yaks (Lair:1)
  3 fire bats (Lair:2)
  A wyvern (D:10)
  Grum (D:9)
  3 hippogriffs
  A basilisk (Lair:2)
  3 fire elementals (Volcano)
  7 swamp worms (Lair:2)
  8 porcupines
  7 water moccasins
  2 ice beasts
  2 orc warriors
  A black bear (D:8)
  A necrophage (D:6)
  5 ogres
  2 phantoms
  4 centaurs
  9 wolves
  6 crocodiles
  Blork the orc (D:4)
  11 giant frogs
  2 scorpions
  7 killer bees
  7 howler monkeys
  6 crimson imps
  A giant frog zombie (D:8)
  2 hounds
  A wasp zombie (D:5)
  2 jellies
  5 orc priests
  2 orc wizards (D:9)
  Crazy Yiuf (D:7)
  8 iguanas
  9 worker ants
  Terence (D:2)
  9 sheep
  2 hound zombies
  A worker ant zombie (D:3)
  4 gnolls (D:8)
  14 river rats
  8 adders
  2 shadow imps
  3 oozes
  An adder skeleton (D:5)
  13 worms
  2 dart slugs (D:1)
  5 giant geckos
  25 orcs
  6 bats
  8 giant cockroaches
  9 goblins
  9 hobgoblins
  5 jackals
  7 kobolds
  2 quokkas
  3 ball pythons
  2 giant gecko skeletons
  A giant gecko zombie (D:4)
  6 giant newts
  2 quokka skeletons
  A quokka zombie (D:9)
  14 rats
  2 fire vortices (Volcano)
323 creatures vanquished.

Vanquished Creatures (collateral kills)
  2 sky beasts (D:8)
2 creatures vanquished.

Vanquished Creatures (others)
  A giant frog (Lair:3)
  An orc wizard (D:9)
  2 fire vortices (Volcano)
  A fungus (Lair:2)
  2 plants (Lair:2)
7 creatures vanquished.

Grand Total: 332 creatures vanquished

Notes
Turn   | Place    | Note
--------------------------------------------------------------
     0 | D:1      | magog001 the Minotaur Fighter began the quest for the Orb.
     0 | D:1      | Reached XP level 1. HP: 19/19 MP: 0/0
    83 | D:1      | Reached XP level 2. HP: 23/27 MP: 1/1
   378 | D:1      | Reached skill level 4 in Shields
   524 | D:1      | Reached XP level 3. HP: 33/33 MP: 2/2
   951 | D:2      | Reached XP level 4. HP: 41/41 MP: 3/3
   972 | D:2      | Found a deep blue altar of Sif Muna.
  1156 | D:2      | Found an oddly glowing altar of Pakellas.
  1156 | D:2      | Found Pakellas's Prime Provisions.
  1156 | D:2      | Noticed Terence
  1162 | D:2      | Killed Terence
  1333 | D:2      | Found a shimmering altar of Xom.
  1892 | D:3      | Reached skill level 5 in Shields
  1892 | D:3      | Reached XP level 5. HP: 11/47 MP: 4/4
  2040 | D:3      | Found an iron altar of Okawaru.
  2330 | D:4      | Reached skill level 5 in Armour
  2360 | D:4      | Found a sacrificial altar of Ru.
  2398 | D:4      | Reached skill level 1 in Short Blades
  2411 | D:4      | Reached skill level 5 in Fighting
  2411 | D:4      | Reached XP level 6. HP: 53/56 MP: 5/5
  2477 | D:4      | Reached skill level 6 in Shields
  2559 | D:4      | Noticed Blork the orc
  2575 | D:4      | Killed Blork the orc
  2575 | D:4      | Reached XP level 7. HP: 23/61 MP: 6/6
  3228 | D:4      | You fall through a shaft!
  3228 | D:5      | Entered Level 5 of the Dungeon
  3275 | D:5      | Reached skill level 7 in Shields
  3415 | D:5      | Found a radiant altar of Vehumet.
  3860 | D:5      | Reached XP level 8. HP: 29/71 MP: 7/7
  4093 | D:5      | Found a bloodstained altar of Trog.
  4116 | D:5      | Found a sparkling altar of Nemelex Xobeh.
  4124 | D:5      | Became a worshipper of Nemelex Xobeh the Trickster
  4646 | D:6      | Received a gift from Nemelex Xobeh
  4662 | D:6      | Found a staircase to the Ecumenical Temple.
  4838 | D:6      | Reached skill level 8 in Shields
  4960 | D:6      | Reached * piety under Nemelex Xobeh
  5164 | D:7      | Reached XP level 9. HP: 73/79 MP: 8/8
  5373 | D:7      | Got a steaming leather armour
  5384 | D:7      | Identified the cursed +1 leather armour "Hinu" {rPois MR++ Slay-3} (You found it on level 7 of the Dungeon)
  5411 | D:7      | Gained mutation: Armour fits poorly on your strangely shaped body. [potion of mutation]
  5411 | D:7      | Gained mutation: Your body sometimes deteriorates upon taking damage. [potion of mutation]
  5411 | D:7      | Gained mutation: Your magical capacity is low (-10% MP). [potion of mutation]
  5656 | D:7      | Gained mutation: Your muscles are strong. (Str +2) [potion of beneficial mutation]
  5658 | D:7      | Gained mutation: You are partially covered in molten scales (AC +1). [potion of beneficial mutation]
  5667 | D:7      | Noticed Crazy Yiuf
  5674 | D:7      | Killed Crazy Yiuf
  5728 | D:8      | Reached skill level 9 in Shields
  5820 | D:8      | Received a gift from Nemelex Xobeh
  5846 | D:8      | Reached skill level 5 in Short Blades
  5851 | D:8      | Gained mutation: You tend to lose your temper in combat. [mutagenic meat]
  5852 | D:8      | Gained mutation: You can translocate small distances at will. [mutagenic meat]
  5853 | D:8      | Gained mutation: Your spells are a little harder to cast, but a little more powerful. [mutagenic meat]
  5912 | D:8      | Found Xaadauk's Magic Scroll Shop.
  5922 | D:8      | Bought a scroll of identify for 22 gold pieces
  5922 | D:8      | Bought 2 scrolls of magic mapping for 77 gold pieces
  5922 | D:8      | Bought a scroll of recharging for 104 gold pieces
  5922 | D:8      | Bought a scroll of enchant armour for 82 gold pieces
  5926 | D:8      | Bought a scroll of recharging for 104 gold pieces
  6193 | D:8      | Found a basalt altar of Yredelemnul.
  6259 | D:8      | Found a glowing golden altar of the Shining One.
  6385 | D:8      | Reached ** piety under Nemelex Xobeh
  6402 | D:8      | You fall through a shaft!
  6402 | D:9      | Noticed Grum
  6407 | D:9      | Killed Grum
  6771 | D:9      | Reached skill level 10 in Armour
  7102 | D:9      | Received a gift from Nemelex Xobeh
  7142 | D:9      | Noticed Psyche
  7143 | D:9      | Found Luvvupt's Antique Armour Shop.
  7152 | D:9      | Killed Psyche
  7152 | D:9      | Reached skill level 10 in Shields
  7173 | D:9      | Found an opulent altar of Gozag.
  7209 | D:9      | Found a staircase to the Lair.
  7214 | D:9      | You fall through a shaft for 2 floors!
  7228 | D:11     | Reached XP level 10. HP: 27/90 MP: 8/8
  7549 | D:11     | Noticed a cyan ugly thing
  7567 | D:11     | Killed a cyan ugly thing
  7786 | D:11     | Noticed a deep troll
  7786 | D:11     | a slime creature changed into a deep troll
  7800 | D:11     | Killed a deep troll
  7849 | D:10     | Entered Level 10 of the Dungeon
  7849 | D:10     | Reached *** piety under Nemelex Xobeh
  8046 | D:10     | Found a staircase to the Orcish Mines.
  8373 | Lair:1   | Entered Level 1 of the Lair of Beasts
  8408 | Lair:1   | Reached skill level 11 in Shields
  8576 | Lair:1   | Noticed magog001's ghost (novice MiFi)
  8742 | Lair:1   | Killed magog001's ghost
  8742 | Lair:1   | Reached skill level 1 in Evocations
  8944 | Lair:1   | Received a gift from Nemelex Xobeh
  9285 | Lair:1   | Noticed a black mamba
  9316 | Lair:1   | Killed a black mamba
  9316 | Lair:1   | Reached XP level 11. HP: 99/99 MP: 10/10
  9468 | Lair:1   | Reached **** piety under Nemelex Xobeh
  9587 | D:9      | Bought a pair of faintly humming boots for 256 gold pieces
  9592 | D:9      | Identified the +0 pair of boots of Jyeth {rElec rF- rN+ Dex+2} (You bought it in a shop on level 9 of the Dungeon)
  9697 | Lair:2   | Reached skill level 12 in Shields
  9711 | Lair:2   | Reached skill level 10 in Fighting
  9910 | Lair:2   | Found a dark tunnel.
 10052 | Volcano  | Entered a volcano
 10562 | Volcano  | Noticed a lindwurm
 10743 | Volcano  | Noticed an anubis guard
 10743 | Volcano  | a lindwurm changed into an anubis guard
 10744 | Volcano  | an anubis guard changed into a rime drake
 11186 | Volcano  | Noticed Amnesiac's ghost (journeyman MfFi)
 11248 | Volcano  | Killed Amnesiac's ghost
 11248 | Volcano  | Reached skill level 13 in Shields
 11764 | Lair:2   | Gained mutation: You are dopey. (Int -2) [potion of mutation]
 11764 | Lair:2   | Lost mutation: Your muscles are strong. (Str +2) [potion of mutation]
 11950 | Lair:2   | Received a gift from Nemelex Xobeh
 12701 | Lair:2   | Reached XP level 12. HP: 83/110 MP: 11/11
 13063 | Lair:3   | Got a pair of dazzling boots
 13155 | Lair:3   | Received a gift from Nemelex Xobeh
 13480 | Lair:3   | Reached ***** piety under Nemelex Xobeh
 13626 | Lair:3   | Found a staircase to the Snake Pit.
 13637 | Lair:3   | Noticed Rupert
 13638 | Lair:3   | Paralysed by Rupert for 6 turns
 13658 | Lair:3   | Mangled by Rupert

Skill      XL: |  1  2  3  4  5  6  7  8  9 10 11 12 |
---------------+-------------------------------------+-----
Fighting       | 4 5 6 7 8 9 11 | 11.2
Shields        | 4 5 6 7 8 10 11 13 | 13.6
Armour         | 4 5 6 8 10 11 12 | 12.9
Axes           | 3 |  3.0
Short Blades   | 1 3 4 6 7 8 9 |  9.1
Evocations     | 1 2 |  2.1
Maces & Flails | |  0.2
Throwing       | |  0.6
Dodging        | |  0.9
Stealth        | |  0.1

Action                   |  1- 3 |  4- 6 |  7- 9 | 10-12 || total
-------------------------+-------+-------+-------+-------++-------
Melee: War axe           |    75 |    24 |       |       ||    99
       Headbutt          |    12 |    19 |    81 |   249 ||   361
       Flail             |       |    33 |       |       ||    33
       Short sword       |       |    66 |   416 |   808 ||  1290
Throw: Tomahawk          |       |       |     4 |       ||     4
Evoke: Deck              |       |       |     6 |    19 ||    25
       Wand              |       |       |     2 |    14 ||    16
  Use: Potion            |       |     4 |     7 |    10 ||    21
       Scroll            |       |       |    18 |     7 ||    25
 Stab: Invisible         |       |       |       |     2 ||     2
  Eat: Chunk             |       |     2 |    14 |     7 ||    23
       Meat ration       |       |     1 |       |     2 ||     3
       Fruit             |       |       |     3 |       ||     3
       Pizza             |       |       |     2 |       ||     2
       Beef jerky        |       |       |       |     3 ||     3
       Royal jelly       |       |       |       |     1 ||     1
Armor: Scale mail        |    27 |    10 |       |       ||    37
       Chain mail        |       |    65 |    96 |       ||   161
       Plate armour      |       |       |    95 |   371 ||   466
Dodge: Dodged            |    22 |    37 |    93 |   156 ||   308
Block: Shield            |    41 |    63 |   238 |   461 ||   803
